 Dungeon Crawl Stone Soup version 0.32-a0-711-g016ad74 (webtiles) character file.

Game seed: 13992405912464809385

4359 PidgeyThePirate the Skirmisher (level 10, -6/117 (126) HPs)
             Began as a Coglin Hunter on Mar 15, 2024.
             Was a Believer of Okawaru.
             Mangled by a red ugly thing (14 damage)
             ... on level 8 of the Dungeon.
             The game lasted 00:26:17 (9730 turns).

PidgeyThePirate the Skirmisher (Coglin Hunter)      Turns: 9730, Time: 00:26:18

HP:   -6/117 (126)  AC: 25    Str: 13    XL:     10   Next: 34%
MP:   10/10         EV:  2    Int: 10    God:    Okawaru [**....]
Gold: 343           SH:  0    Dex: 19    Spells: 9/9 levels left

rFire   . . .        a - +2 sling {Marisol}
rCold   . . .        d - +0 sling {Fumito}
rNeg    . . .        C - melded +3 leather armour {rF+}
rPois   +            q - melded +0 helmet of Lifelessness {rC+ Int+3}
rElec   .            n - melded scarf {rC+ rF+}
rCorr   .            (gloves currently unavailable)
SInv    .            m - melded +1 pair of boots
Will    .....        (no amulet)
Stlth   +            (no ring)
HPRegen 0.39/turn    (no ring)
MPRegen 0.12/turn    (no gizmo)

%: no passive effects
@: tree-form, silenced, drained, revving
A: stationary, stasis, torment immunity, boosted hp, off-hand wielding, slow
wielding, warmup strikes, (no jewellery), sense surroundings 1, (poison
resistance), robust 1
a: Invent Gizmo, Renounce Religion


You were on level 8 of the Dungeon.
You worshipped Okawaru.
Okawaru was pleased with you.
You were a tree.
You visited 2 branches of the dungeon, and saw 10 of its levels.

You collected 1130 gold pieces.
You spent 787 gold pieces at shops.

Inventory:

Hand Weapons
 a - a +2 sling (weapon) {Marisol}
 d - a +0 sling (offhand) {Fumito}
 j - a +1 hand cannon of freezing
Missiles
 w - a throwing net
Armour
 c - a +0 leather armour
 m - a +1 pair of boots (melded)
 n - a scarf of resistance (melded)
 p - a +3 leather armour of cold resistance
 q - the +0 helmet of Lifelessness (melded) {rC+ Int+3}
   (You took it off Robin on level 4 of the Dungeon)

   Int+3:     It affects your intelligence (+3).
   rC+:       It protects you from cold.
 B - +1 steam dragon scales
 C - a +3 leather armour of fire resistance (melded)
Wands
 y - a wand of iceblast (9)
 A - a wand of mindburst (12)
 D - a wand of polymorph (3)
Scrolls
 b - a scroll of butterflies
 e - a scroll of teleportation
 f - a scroll of immolation
 k - 3 scrolls of revelation
 o - 3 scrolls of vulnerability
 r - a scroll of amnesia
 t - a scroll of summoning
 u - 2 scrolls of identify
 v - a scroll of enchant weapon
Potions
 g - a potion of lignification
 s - a potion of attraction


   Skills:
 + Level 6.5 Fighting
 + Level 11.9 Ranged Weapons
 + Level 2.5 Armour
 + Level 3.3 Dodging
 + Level 2.2 Stealth
 + Level 0.2 Invocations


You had 9 spell levels left.
You didn't know any spells.
Your spell library contained the following spells:

 Spells                   Type           Power      Damage    Failure   Level
 Necrotise                Necr           0%         1d4       36%         1
 Jinxbite                 Hex            0%         N/A       50%         2
 Vampiric Draining        Necr           0%         2d6       75%         3
 Curse of Agony           Necr           0%         N/A       100%        5
 Yara's Violent Unravell  Hex/Alch       0%         3d3       100%        5
 Enfeeble                 Hex            0%         N/A       100%        7
 Martyr's Knell           Necr/Summ      Unusable   N/A       N/A         4

Dungeon Overview and Level Annotations

Branches:
Dungeon (9/15)             Temple (1/1) D:6
   Lair: D:8-11         Orc: D:9-12

Altars:
Ashenzari
Cheibriados
Dithmenos
Elyvilon
Fedhas
Gozag
Hepliaklqana
Kikubaaqudgha
Makhleb
Nemelex Xobeh
Okawaru
Qazlal
Ru
Sif Muna
Trog
Uskayaw
Vehumet
Wu Jian
Xom
Zin
The Shining One

Shops:
D:5 *(   D:8 [

Annotations:
D:3 2 transporters, Dega's ghost, amateur OpFi
D:4 1 runed translucent door, Crazy Yiuf
D:7 3 runed translucent doors, tls9540's ghost, novice CoBe


Innate Abilities, Weirdness & Mutations

You are a tree.
Your roots penetrate the ground, keeping you stationary.
You cannot be teleported.
You are immune to unholy pain and torment.
Your maximum health is greatly increased.
Your equipment is partially melded.
You can wield a second weapon in your off-hand.
It takes a long time for you to wield or remove held weapons.
Your first few attacks do less damage.
((You cannot equip rings or amulets.))
You passively map a small area around you.
((Your system is resistant to poisons. (rPois)))
You are robust. (+10% HP)


Message History

Non-targeted confused fire: a) +2 sling {Marisol}
Press: ? - help, Q - select action, (/) - cycle Dir - look around, f - activate You shoot a sling bullet. x2
You feel less invigorated.
You feel less confused.
The wight hits you with a +4 flail of freezing!
* * * LOW HITPOINT WARNING * * *
You feel drained.
* * * LOW HITPOINT WARNING * * *
The wight freezes you.
* * * LOW HITPOINT WARNING * * *
Okay, then.
Magic scrolls do not work when you're silenced!
Okay, then.
Okay, then.
You are too injured to fight recklessly!
Unknown command.
Fire: a) +2 sling {Marisol}
Press: ? - help, Q - select action, (/) - cycle Shift-Dir - straight line, f - red ugly thing
Aim: a red ugly thing (silenced, 69% to hit)
You shoot a sling bullet.
The sling bullet barely misses the red ugly thing.
You shoot a sling bullet.
The sling bullet closely misses the red ugly thing.
The red ugly thing headbutts you but does no damage.
The wight hits you with a +4 flail of freezing.
* * * LOW HITPOINT WARNING * * *
You feel drained. The wight freezes you.
* * * LOW HITPOINT WARNING * * *
Fire: a) +2 sling {Marisol}
Press: ? - help, Q - select action, (/) - cycle Shift-Dir - straight line, f/p - red ugly thing
Aim: a red ugly thing (silenced, 69% to hit)
You shoot a sling bullet.
The sling bullet barely misses the red ugly thing.
You shoot a sling bullet.
The sling bullet barely misses the red ugly thing.
The red ugly thing headbutts you.
* * * LOW HITPOINT WARNING * * *
You are engulfed in flames!
You die...

########## #.#####.#...###
#........# #.#...........#
#.######.### #.#.###.#.....#
...........## #.#.# #.########
#.##.....#..# #.#.# #.#......##
#.##.....##.#####.#'###.#.#......
#.##.....##..##......##.#.#.##...
#.######.###..#z.....##.#D#.#....
...............u♣....##.#.#.#....
###.#########........##.#.#.#...#
##..# ,* #........##.#.#.#..)#
....##o.Y..##............>#.#...#
....#c......#..##.#.###.#...#....
....#...z...#..#......#.#.#######
...##u....oF#.....#...#.#........
...# .....##..#.######.#..###<..
.### ...# #...........#...#####


You could see a red ugly thing and a wight.

Vanquished Creatures
  A two-headed ogre (D:8)
  Joseph (D:8)
  Psyche (D:8)
  Sigmund (D:2)
  A wraith (D:8)
  2 steam dragons
  2 acid dragons
  4 ice beasts
  An orc warrior (D:6)
  2 black bears
  3 scorpions
  A bullfrog (D:6)
  A gnoll sergeant (D:6)
  6 wights
  5 killer bees (D:8)
  3 howler monkeys
  4 hounds
  A jelly (D:6)
  9 orc priests
  2 sleepcaps (D:5)
  2 iguanas
  4 orc wizards
  Robin (D:4)
  4 gnolls (D:6)
  5 adders
  2 shadow imps
  A white imp (D:7)
  3 ribbon worms
  3 dart slugs
  22 orcs
  4 bats
  2 endoplasms
  7 giant cockroaches
  15 goblins
  5 hobgoblins
  7 quokkas
  3 training dummies (D:5)
  6 ball pythons
  2 frilled lizards
  10 kobolds
  5 rats
164 creatures vanquished.

Notes
Turn   | Place    | Note
-------+----------+-------------------------------------------
     0 | D:1      | PidgeyThePirate the Coglin Hunter began the quest for the
                  | Orb.
     0 | D:1      | Reached XP level 1. HP: 16/16 MP: 1/1
    84 | D:1      | Reached skill level 4 in Ranged Weapons
    84 | D:1      | Reached XP level 2. HP: 22/22 MP: 2/2
   440 | D:1      | Reached XP level 3. HP: 27/27 MP: 3/3
  1051 | D:2      | Noticed Sigmund
  1054 | D:2      | Killed Sigmund
  1055 | D:2      | Reached skill level 5 in Ranged Weapons
  1055 | D:2      | Reached skill level 1 in Stealth
  1055 | D:2      | Reached XP level 4. HP: 34/34 MP: 4/4
  1055 | D:2      | Reached XP level 5. HP: 39/39 MP: 5/5
  1225 | D:2      | Reached skill level 6 in Ranged Weapons
  1806 | D:3      | Found an ancient bone altar of Kikubaaqudgha.
  1825 | D:3      | Noticed Dega's ghost (amateur OpFi)
  1835 | D:3      | Noticed an ogre
  1836 | D:3      | Found a transporter.
  1836 | D:3      | Noticed an ogre
  1840 | D:3      | Found a transporter.
  1865 | D:3      | Reached XP level 6. HP: 46/46 MP: 6/6
  2456 | D:4      | Identified the +0 helmet of Lifelessness {rC+ Int+3}
  2456 | D:4      | Noticed Robin
  2488 | D:4      | Killed Robin
  2892 | D:4      | Found a runed translucent door.
  2893 | D:4      | Noticed Crazy Yiuf
  2944 | D:4      | Reached XP level 7. HP: 47/52 MP: 7/7
  3268 | D:5      | Entered Level 5 of the Dungeon
  3288 | D:5      | Found Gozag's Platinum Reserve.
  3323 | D:5      | Reached skill level 7 in Ranged Weapons
  3576 | D:5      | Found an opulent altar of Gozag.
  3678 | D:5      | Found a stormy altar of Qazlal.
  3679 | D:5      | Noticed a water elemental
  3683 | D:5      | Noticed a fire elemental
  3683 | D:5      | Noticed an air elemental
  3737 | D:5      | Reached skill level 1 in Armour
  3805 | D:5      | Found Couvotem's Firing Range.
  3989 | D:5      | Found a shadowy altar of Dithmenos.
  4035 | D:5      | Reached XP level 8. HP: 21/60 MP: 8/8
  4038 | D:5      | Reached skill level 8 in Ranged Weapons
  4675 | D:5      | Bought a +1 hand cannon of freezing for 172 gold pieces
  4676 | D:5      | Identified a scroll of acquirement
  4676 | D:5      | Acquired 742 gold pieces
  4692 | D:6      | Found a staircase to the Ecumenical Temple.
  4748 | Temple   | Entered the Ecumenical Temple
  4802 | Temple   | Became a worshipper of Warmaster Okawaru
  5033 | D:6      | Reached * piety under Okawaru
  5065 | D:6      | Reached skill level 9 in Ranged Weapons
  5334 | D:6      | Found a glowing golden altar of the Shining One.
  5334 | D:6      | Found a faded altar of an unknown god.
  5341 | D:6      | Found a faded altar of an unknown god.
  5343 | D:6      | Found a glowing silver altar of Zin.
  5345 | D:6      | Found a bloodstained altar of Trog.
  5645 | D:6      | Reached XP level 9. HP: 22/66 MP: 9/9
  6199 | D:7      | Reached skill level 5 in Fighting
  6234 | D:7      | Found a hide-covered altar of Uskayaw.
  6271 | D:7      | You fall into a shaft and drop 2 floors!
  6446 | D:7      | Found a blossoming altar of Fedhas.
  6488 | D:7      | Found a runed translucent gate.
  6488 | D:7      | Found a runed translucent gate.
  6488 | D:7      | Found a runed translucent gate.
  6608 | D:7      | Reached skill level 10 in Ranged Weapons
  7338 | D:7      | Noticed tls9540's ghost (novice CoBe)
  7374 | D:8      | Noticed Joseph
  8162 | D:8      | Reached ** piety under Okawaru
  8233 | D:8      | Identified the amulet of Zuicilal {Spirit +Inv rElec Int+4
                  | Stlth+}
  8233 | D:8      | Noticed Psyche
  8301 | D:8      | Killed Psyche
  8306 | D:8      | Reached skill level 11 in Ranged Weapons
  8503 | D:8      | Found Hapnevel's Antique Armour Shoppe.
  8507 | D:8      | Bought an embroidered scarf for 240 gold pieces
  8507 | D:8      | Bought a dyed leather armour for 150 gold pieces
  8507 | D:8      | Bought a runed cloak for 225 gold pieces
  8814 | D:8      | Noticed a two-headed ogre
  8904 | D:8      | Reached XP level 10. HP: 60/76 MP: 10/10
  8992 | D:8      | Found a snail-covered altar of Cheibriados.
  9085 | D:8      | Killed Joseph
  9368 | D:8      | Killed a two-headed ogre
  9568 | D:8      | Identified the +4 scale mail of Joucsop {^Contam +Inv rF+
                  | rCorr}
  9592 | D:8      | Noticed a red ugly thing
  9716 | D:8      | Gained mutation: You passively map a small area around you.
                  | [potion of mutation]
  9716 | D:8      | Gained mutation: You are robust. (+10% HP) [potion of
                  | mutation]
  9716 | D:8      | Gained mutation: Your system is resistant to poisons.
                  | (rPois) [potion of mutation]
  9730 | D:8      | Mangled by a red ugly thing

Illustrated notes

Levels and vault maps discovered:
D:1:      dpeg_arrival_three_same_balls, layout_basic, serial_forest,
          infiniplex_forest_clump_double, infiniplex_forest_clump_medium,
          infiniplex_forest_clump_tiny, infiniplex_forest_corner_1,
          infiniplex_forest_lined_3, infiniplex_forest_straight_3,
          infiniplex_forest_end_1, infiniplex_forest_clump_large,
          infiniplex_forest_lined_room_2
D:2:      layout_basic, kennysheep_flooded_box, roderic_lattice_a,
          chequers_serial_rivers_room_b, guppyfry_early_lair_pool, uniq_sigmund
D:3:      layout_basic, mainiacjoe_overflow_small_starburst,
          gammafunk_ghost_smash
D:4:      layout_rooms, serial_library_hellmonk_hallway_b, uniq_robin,
          uniq_crazy_yiuf_cottage
D:5:      layout_layer_cave, mainiacjoe_overflow_paths,
          nicolae_gozag_zags_fifth_avenue, nicolae_qazlal_style_of_elements,
          nicolae_shop_firing_range
D:6:      layout_cave_pods, chequers_temple_overflow_minitemple,
          minmay_temple_entry_trees, st_stairs_8, minmay_misc_feat_five
D:7:      layout_layer_cave, eat_drink_and_be_merry_uskayaw, old_standard_altar,
          ebering_ghost_rock_garden
D:8:      minmay_opposing_rooms, layout_basic, lemuel_doored_altar,
          serial_shops, shop, uniq_joseph, uniq_psyche
D:9:      layout_basic, nicolae_transporter_intersection
Temple:   nicolae_temple_bog_church

Skill      XL: |  1  2  3  4  5  6  7  8  9 10 |
---------------+-------------------------------+-----
Ranged Weapons | 4 5 6 7 9 11 | 11.9
Stealth        | 1 2 |  2.2
Dodging        | 2 3 |  3.3
Fighting       | 3 4 5 6 |  6.5
Armour         | 1 2 |  2.5
Invocations    | |  0.2

Action                     |  1- 3 |  4- 6 |  7- 9 | 10-12 || total
---------------------------+-------+-------+-------+-------++-------
  Melee: Sling             |       |       |     2 |       ||     2
   Fire: Sling             |   108 |   246 |   850 |   130 ||  1334
 Invoke: Heroism           |       |       |     3 |     3 ||     6
    Use: Scroll            |       |       |    16 |     4 ||    20
         Potion            |       |       |    14 |     3 ||    17
 Armour: Leather armour    |     6 |    86 |   116 |    19 ||   227
         Steam dragon scal |       |       |    61 |    18 ||    79
         Skin              |       |       |       |    23 ||    23
  Dodge: Dodged            |    10 |    82 |   168 |    23 ||   283

Table legend: (Time is in decaauts)
 A = Elapsed time spent in this place.
 B = Non-inter-level travel time spent in this place.
 C = Inter-level travel time spent in this place.
 D = Time resting spent in this place.
 E = Time spent auto-exploring this place.
 F = Levels seen in this place.
 G = Mean time per level.
                   A        B        C        D        E       F      G
               +--------+--------+--------+--------+--------+-----+--------+
         Total |   9709 |   9153 |    556 |      0 |   7390 |  10 |  970.9 |
       Dungeon |   9636 |   9149 |    487 |      0 |   7390 |   9 | 1070.7 |
        Temple |     72 |      3 |     69 |      0 |      0 |   1 |   72.0 |
               +--------+--------+--------+--------+--------+-----+--------+

Top non-repeatable levels by time:
     D:8: 1804 daAuts
     D:7: 1667 daAuts
     D:5: 1428 daAuts
     D:6: 1409 daAuts
     D:2: 877 daAuts
     D:4: 845 daAuts
     D:1: 810 daAuts
     D:3: 766 daAuts
  Temple: 72 daAuts
     D:9: 26 daAuts
